 Dungeon Crawl Stone Soup version 0.30.0-19-g36f170ea60 (webtiles) character file.

Game seed: 15396219096210560059

759 Revguard the Chopper (level 7, -3/54 HPs)
             Began as a Demonspawn Fighter on June 1, 2023.
             Slain by a gnoll sergeant
             ... wielding a +0 spear
              (6 damage)
             ... on level 5 of the Dungeon.
             The game lasted 00:10:03 (3649 turns).

Revguard the Chopper (Demonspawn Fighter)           Turns: 3649, Time: 00:10:03

Health: -3/54      AC: 11    Str: 19    XL:     7   Next: 50%
Magic:  9/9        EV: 13    Int:  9    God:
Gold:   188        SH:  4    Dex: 12    Spells: 6/6 levels left

rFire   + . .        a - +0 war axe
rCold   . . .        c - +0 buckler
rNeg    . . .        h - +0 chain mail
rPois   .            m - +0 helmet
rElec   .            (no cloak)
rCorr   .            (no gloves)
SInv    .            k - +0 pair of boots
Will    .....        (no amulet) Stlth
                     p - +5 ring of evasion
HPRegen 0.29/turn    b - ring of protection from fire
MPRegen 0.11/turn

%: no passive effects
@: studying Stealth
A: powered by death 2, demonic magic 1, weakness stinger 2
a: no special abilities


You were on level 5 of the Dungeon.
You visited 1 branch of the dungeon, and saw 5 of its levels.

You collected 188 gold pieces.

Inventory:

Hand Weapons
 a - a +0 war axe (weapon)
Armour
 c - a +0 buckler (worn)
 h - a +0 chain mail (worn)
 k - a +0 pair of boots (worn)
 m - a +0 helmet (worn)
Jewellery
 b - a ring of protection from fire (right hand)
 p - a +5 ring of evasion (left hand)
Scrolls
 d - a scroll of butterflies
 f - a scroll of blinking
 g - a scroll of brand weapon
 j - a scroll of vulnerability {unknown}
 l - a scroll of immolation {unknown}
 n - a scroll of magic mapping {unknown}
 o - a scroll of noise {unknown}
Potions
 e - a potion of brilliance


   Skills:
 + Level 4.2 Fighting
 * Level 4.2 Axes
 + Level 3.8 Armour
 + Level 2.2 Dodging
 + Level 3.7 Shields
 + Level 3.4 Invocations
 + Level 2.5 Evocations


You had 6 spell levels left.
You didn't know any spells.
Your spell library contained the following spells:

 Spells                   Type           Power      Damage    Failure   Level
 Shock                    Conj/Air       0%         1d3       99%         1
 Slow                     Hex            0%         N/A       99%         1
 Poisonous Vapours        Pois/Air       0%         N/A       99%         2
 Confusing Touch          Hex            0%         N/A       100%        3
 Mephitic Cloud           Conj/Pois/Air  0%         N/A       100%        3
 Swiftness                Air            0%         N/A       100%        3
 Vampiric Draining        Necr           0%         2d6       100%        3
 Airstrike                Air            0%         2d(0-16)  100%        4
 Freezing Cloud           Conj/Ice/Air   0%         6-21      100%        5


Dungeon Overview and Level Annotations

Branches:
Dungeon (5/15)
 Temple: D:4-7

Altars:
Cheibriados
Wu Jian


Innate Abilities, Weirdness & Mutations

You regenerate health from kills.
Spells you cast may paralyse adjacent enemies.
You have a tail ending in a sharp stinger.


Message History

The gnoll sergeant hits you with a +0 spear.
The gnoll sergeant hits you from afar with a +0 spear!
* * * LOW HITPOINT WARNING * * *
You feel much better.
The gnoll sergeant completely misses you.
A gnoll comes into view. It is wielding a +0 club.
The gnoll sergeant closely misses you.
You hit the gnoll sergeant.
The gnoll sergeant is severely wounded.
The gnoll sergeant barely misses you. The gnoll sergeant closely misses you.
The gnoll sergeant blocks your attack.
The gnoll sergeant is severely wounded.
The gnoll sergeant hits you but does no damage.
You barely miss the gnoll sergeant.
The gnoll sergeant is severely wounded.
The gnoll sergeant hits you with a +0 spear!
You hit the gnoll sergeant.
The gnoll sergeant is almost dead.
The gnoll sergeant hits you but does no damage.
A gnoll comes into view. It is wielding a +0 club.
The gnoll sergeant hits you with a +0 spear.
The gnoll sergeant blocks your attack.
The gnoll sergeant is almost dead.
The gnoll shouts!
The gnoll sergeant barely misses you. The gnoll sergeant blocks your attack.
Your tail-slap misses the gnoll sergeant.
The gnoll sergeant is almost dead.
The gnoll sergeant hits you with a +0 spear!
You hit the gnoll sergeant but do no damage.
You tail-slap the gnoll sergeant, but do no damage.
The gnoll sergeant is almost dead.
The gnoll sergeant hits you with a +0 spear!
* * * LOW HITPOINT WARNING * * *
You hit the gnoll sergeant.
The gnoll sergeant is almost dead.
The gnoll sergeant hits you with a +0 spear!
* * * LOW HITPOINT WARNING * * *
The gnoll sergeant hits you with a +0 spear.
You die...

..$..#..####c..
.....g.........
.....#.<####...
... #gc# #.# #
#..# #.# #..#
#.# #..# #.#
#..#####[#
#..ggcg@.#
#..#g#####
....###.. #....
### ......
###.... ......
......


You could see a gnoll sergeant, a centaur and 3 gnolls.

Vanquished Creatures
  A yak (D:4)
  Eustachio (D:4)
  A sky beast (D:4)
  An ogre (D:4)
  The ghost of ripuliukko the Magician, an amateur DEEE (D:4)
  An iron imp (D:4)
  A sleepcap (D:4)
  An iguana (D:4)
  3 gnolls (D:4)
  5 adders
  3 worms
  3 dart slugs
  2 orcs
  3 endoplasms
  A giant cockroach (D:4)
  7 goblins
  6 hobgoblins
  3 jackals (D:3)
  4 quokkas
  7 ball pythons
  5 bats
  2 frilled lizards (D:3)
  12 kobolds
  5 rats
79 creatures vanquished.

Notes
Turn   | Place    | Note
-------+----------+-------------------------------------------
     0 | D:1      | Revguard the Demonspawn Fighter began the quest for the
                  | Orb.
     0 | D:1      | Reached XP level 1. HP: 18/18 MP: 1/1
   286 | D:1      | Gained mutation: You have a small tail. [demonic ancestry]
   286 | D:1      | Reached XP level 2. HP: 21/24 MP: 2/2
   648 | D:1      | Found a faded altar of an unknown god.
   757 | D:2      | Reached skill level 1 in Invocations
   887 | D:2      | You fall into a shaft and drop 1 floor!
   901 | D:3      | Gained mutation: You have a tail ending in a sharp stinger.
                  | [demonic ancestry]
   901 | D:3      | Reached XP level 3. HP: 29/29 MP: 3/3
  1808 | D:3      | Reached XP level 4. HP: 33/35 MP: 5/5
  2019 | D:3      | Reached skill level 1 in Evocations
  2398 | D:4      | Found a runed translucent gate.
  2398 | D:4      | Found a runed translucent gate.
  2401 | D:4      | Noticed a yak
  2404 | D:4      | Found a runed translucent gate.
  2404 | D:4      | Noticed ripuliukko's ghost (amateur DEEE)
  2460 | D:4      | Reached skill level 1 in Dodging
  2479 | D:4      | Noticed Eustachio
  2502 | D:4      | Killed Eustachio
  2503 | D:4      | Gained mutation: You regenerate a little health from kills.
                  | [demonic ancestry]
  2503 | D:4      | Reached XP level 5. HP: 13/42 MP: 6/6
  2509 | D:4      | Gained mutation: Spells you cast may paralyse adjacent
                  | enemies. [demonic ancestry]
  2509 | D:4      | Reached XP level 6. HP: 12/48 MP: 7/7
  2854 | D:4      | Noticed an angel
  2889 | D:4      | Found a snail-covered altar of Cheibriados.
  3053 | D:4      | Found an ornate altar of the Wu Jian Council.
  3256 | D:4      | Noticed a sky beast
  3277 | D:4      | Killed a sky beast
  3278 | D:4      | Gained mutation: You regenerate health from kills. [demonic
                  | ancestry]
  3278 | D:4      | Reached XP level 7. HP: 16/54 MP: 9/9
  3560 | D:4      | Killed a yak
  3573 | D:4      | Killed ripuliukko's ghost
  3614 | D:5      | Entered Level 5 of the Dungeon
  3649 | D:5      | Slain by a gnoll sergeant

Illustrated notes

Levels and vault maps discovered:
D:1:      heliophobic_arrival_battle_scene, layout_basic,
          shapermc_ecumenical_altar_notcrosses
D:2:      minmay_wonky_spiral, layout_loops_cross, minmay_misc_feat_hallway
D:3:      layout_basic, corexii_item_surrounded_by_moat,
          kennysheep_generic_room_16
D:4:      layout_loops_ring, zin_angel, chei_slow_surprise,
          mainiacjoe_overflow_24_doors, gammafunk_ghost_split,
          dreamdust_princess_bridge, corexii_shack, minmay_manual_monolith,
          uniq_eustachio
D:5:      cheibrodos_fertilizer, layout_loops_ring, minmay_crystal_water,
          minmay_statues_item, uniq_grinder, uniq_menkaure

Skill      XL: |  1  2  3  4  5  6  7 |
---------------+----------------------+-----
Axes           | 2 3 4 |  4.2
Invocations    | 1 2 3 |  3.4
Shields        | 3 |  3.7
Armour         | 3 |  3.8
Evocations     | 1 2 |  2.5
Dodging        | 1 2 |  2.2
Fighting       | 4 |  4.2

Action                     |  1- 3 |  4- 6 |  7- 9 || total
---------------------------+-------+-------+-------++-------
  Melee: War axe           |   107 |   135 |    41 ||   283
         Tailslap          |    10 |    10 |     5 ||    25
    Use: Scroll            |     5 |     2 |     1 ||     8
         Potion            |     3 |     3 |     1 ||     7
   Stab: Invisible         |     1 |       |       ||     1
 Armour: Scale mail        |    12 |       |       ||    12
         Chain mail        |    53 |    86 |    18 ||   157
  Dodge: Dodged            |    54 |   127 |    31 ||   212
  Block: Buckler           |    23 |    40 |     6 ||    69
